 Dungeon Crawl Stone Soup version 0.32-a0-141-g04fe69798e (webtiles) character file.

Game seed: 6991137897410619098

383 Muffindrake the Digger (level 6, -23/50 HPs)
             Began as a Draconian Earth Elementalist on Feb 11, 2024.
             Annihilated by an ogre
             ... wielding a +0 giant spiked club
              (24 damage)
             ... on level 4 of the Dungeon.
             The game lasted 00:09:09 (2620 turns).

Muffindrake the Digger (DrEE)                       Turns: 2620, Time: 00:09:10

Health: -23/50     AC:  6    Str: 10    XL:     6   Next: 47%
Magic:  12/12      EV: 12    Int: 18    God:
Gold:   281        SH:  0    Dex: 11    Spells: 5/13 levels left

rFire   . . .        f - +3 dagger (venom)
rCold   . . .        g - orb {mayhem}
rNeg    . . .        (body armour unavailable)
rPois   .            (helmet restricted)
rElec   .            (no cloak)
rCorr   .            (no gloves)
SInv    .            (no boots)
Will    .....        (no amulet)
Stlth   ++           (no ring)
HPRegen 0.28/turn    (no ring)
MPRegen 0.13/turn

%: mayhem
@: no status effects
A: AC +6, unfitting armour, cold-blooded
a: no special abilities


You were on level 4 of the Dungeon.
You visited 1 branch of the dungeon, and saw 4 of its levels.

You collected 281 gold pieces.

Inventory:

Hand Weapons
 f - a +3 dagger of venom (weapon)
 j - a +0 rapier
Armour
 g - an orb of mayhem (worn)
Magical Staves
 c - a staff of earth
Jewellery
 b - an amulet of faith
 i - an amulet of the acrobat
Wands
 e - a wand of digging (4)
 l - a wand of polymorph (3)
Scrolls
 a - a scroll of identify
 d - 3 scrolls of enchant armour
 h - 2 scrolls of revelation
 k - a scroll of amnesia


   Skills:
 + Level 2.7 Fighting
 - Level 1.7 Dodging
 - Level 1.7 Stealth
 * Level 4.0 Spellcasting
 - Level 1.0 Conjurations
 * Level 4.9 Earth Magic
 * Level 2.2 Alchemy


You had 5 spell levels left.
You knew the following spells:

 Your Spells              Type           Power      Damage    Failure   Level
a - Sandblast             Erth           42%        2d11      1%          1
b - Passwall              Erth           21%        N/A       6%          3
c - Petrify               Alch/Erth      16%        N/A       32%         4

Your spell library contained the following spells:

 Spells                   Type           Power      Damage    Failure   Level
 Sting                    Conj/Alch      36%        1d5       8%          1
 Stone Arrow              Conj/Erth      28%        3d8       13%         3
 Apportation              Tloc           6%         N/A       14%         1
 Necrotise                Necr           12%        1d4       14%         1
 Summon Small Mammal      Summ           12%        N/A       14%         1
 Static Discharge         Conj/Air       10%        3-4/arc   19%         2
 Call Canine Familiar     Summ           3%         N/A       41%         3
 Brom's Barrelling Bould  Conj/Erth      14%        2d4       41%         4
 Airstrike                Air            1%         2d(1-17)  82%         4
 Summon Blazeheart Golem  Fire/Summ      3%         N/A       82%         4
 Summon Lightning Spire   Summ/Air       3%         N/A       82%         4


Dungeon Overview and Level Annotations

Branches:
Dungeon (4/15)
 Temple: D:4-7

Altars:
Fedhas
Kikubaaqudgha
Sif Muna

Shops:
D:2 :


Innate Abilities, Weirdness & Mutations

Your plain brown scales are hard. (AC +6)
You cannot fit into any form of body armour.
You are cold-blooded and may be slowed by cold attacks.


Message History

You open the door.
There is an open door here.
Found a stone staircase leading up.
You now have 281 gold pieces (gained 12).
Found 8 stones.
d - 2 scrolls of enchant armour (gained 1)
You see here 8 stones.
There is an open door here.
Found a blossoming altar of Fedhas.
Found a stone staircase leading down.
No target in view!
Found an ancient bone altar of Kikubaaqudgha.
A giant cockroach comes into view.
The helpless giant cockroach fails to defend itself.
You hit the giant cockroach.
The giant cockroach is poisoned.
The giant cockroach is almost dead.
You kill the giant cockroach!
Found a ring mail.
There is an open door here.
A kobold comes into view. It is wielding a +0 short sword.
The kobold shouts!
You hear a shout! x3
You see here a scroll of enchant armour.
d - 3 scrolls of enchant armour (gained 1)
An ogre comes into view. It is wielding a +0 giant spiked club.
You barely miss the kobold. The kobold barely misses you.
You hit the kobold.
You kill the kobold!
The ogre flies into a frenzy!
The ogre shouts!
You hear a shout! x2
Things that are here:
a +0 short sword; a kobold corpse You hit the ogre.
The ogre is poisoned.
You tail-slap the ogre.
The ogre is lightly wounded.
The ogre hits you with a +0 giant spiked club!!!
Ouch! That really hurt!
* * * LOW HITPOINT WARNING * * *
You are too injured to fight recklessly!
Unknown command.
The ogre hits you with a +0 giant spiked club!!
You die...

..........# #.#
#..##.....# #.#
..........# #.#
#######.### ##.## #.#
##...## ##'## ##.....##
##...## #.......#
##.....## ##.....##
##...@...## ##....#
#....O....####....####
..'.........'...........
#.#.........####...#####
..##.......## ##..#
##.....## ##.# ##...##
#.# ##'## #.# #.# #.#


You could see a neutral ogre (fast, strong, frenzied, poisoned).

Vanquished Creatures
  A black bear (D:4)
  A bombardier beetle (D:4)
  Ijyb (D:4)
  Jessica (D:2)
  2 iguanas (D:4)
  9 adders
  A ribbon worm (D:2)
  A dart slug (D:4)
  4 orcs
  5 ball pythons
  2 bats
  11 endoplasms
  3 giant cockroaches
  7 goblins
  3 hobgoblins
  11 kobolds
  A quokka (D:1)
  2 frilled lizards
  7 rats
73 creatures vanquished.

Notes
Turn   | Place    | Note
-------+----------+-------------------------------------------
     0 | D:1      | Muffindrake the Draconian Earth Elementalist began the
                  | quest for the Orb.
     0 | D:1      | Reached XP level 1. HP: 14/14 MP: 3/3
   145 | D:1      | Reached XP level 2. HP: 22/22 MP: 5/5
   172 | D:1      | Found a faded altar of an unknown god.
   733 | D:2      | Reached skill level 1 in Fighting
   733 | D:2      | Reached XP level 3. HP: 19/28 MP: 4/6
   746 | D:2      | Found Hileplan's Book Boutique.
   949 | D:2      | Noticed Jessica
   951 | D:2      | Found a shimmering blue altar of Sif Muna.
   953 | D:2      | Killed Jessica
   954 | D:2      | Reached XP level 4. HP: 35/35 MP: 5/8
  1073 | D:2      | Learned a level 3 spell: Passwall
  1078 | D:2      | Learned a level 4 spell: Petrify
  1539 | D:3      | Reached XP level 5. HP: 41/41 MP: 8/10
  1804 | D:4      | Reached skill level 1 in Alchemy
  2154 | D:4      | Noticed Ijyb
  2162 | D:4      | Killed Ijyb
  2191 | D:4      | Noticed a black bear
  2218 | D:4      | Killed a black bear
  2219 | D:4      | Reached XP level 6. HP: 25/50 MP: 10/12
  2519 | D:4      | Found a blossoming altar of Fedhas.
  2522 | D:4      | Found an ancient bone altar of Kikubaaqudgha.
  2619 | D:4      | HP: 1/50 [ogre/+0 giant spiked club (49)]
  2620 | D:4      | Annihilated by an ogre

Illustrated notes

Levels and vault maps discovered:
D:1:      dpeg_arrival_boxes_within_box, layout_rooms,
          nicolae_ecumenical_lake_church
D:2:      layout_rooms, basic_altar, serial_shops, shop, uniq_jessica
D:3:      layout_rooms, reono_crystal_passage
D:4:      layout_loops_corners, grunt_temple_overflow_growth_and_decay,
          amcnicky_mini_pool_small, minmay_starry_boxes, uniq_ijyb

Skill      XL: |  1  2  3  4  5 |
---------------+----------------+-----
Fighting       | 1 2 |  2.7
Spellcasting   | 3 4 |  4.0
Earth Magic    | 4 |  4.9
Alchemy        | 2 |  2.2
Dodging        | |  1.7
Stealth        | |  1.7
Conjurations   | |  1.0

Action                     |  1- 3 |  4- 6 || total
---------------------------+-------+-------++-------
  Melee: Unarmed           |    28 |       ||    28
         Tailslap          |     8 |    18 ||    26
         Dagger            |    64 |   121 ||   185
         Punch             |     4 |     3 ||     7
   Cast: Sandblast         |    14 |     6 ||    20
         Petrify           |       |     3 ||     3
    Use: Scroll            |     2 |     4 ||     6
         Potion            |       |     3 ||     3
   Stab: Sleeping          |     1 |     3 ||     4
         Petrified         |       |     9 ||     9
 Armour: Skin              |    61 |    70 ||   131
  Dodge: Dodged            |    76 |    60 ||   136

Table legend: (Time is in decaauts)
 A = Elapsed time spent in this place.
 B = Non-inter-level travel time spent in this place.
 C = Inter-level travel time spent in this place.
 D = Time resting spent in this place.
 E = Time spent auto-exploring this place.
 F = Levels seen in this place.
 G = Mean time per level.
                   A        B        C        D        E       F      G
               +--------+--------+--------+--------+--------+-----+--------+
         Total |   2632 |   2592 |     40 |    225 |   1599 |   4 |  658.0 |
       Dungeon |   2632 |   2592 |     40 |    225 |   1599 |   4 |  658.0 |
               +--------+--------+--------+--------+--------+-----+--------+

Top non-repeatable levels by time:
     D:4: 874 daAuts
     D:1: 728 daAuts
     D:2: 593 daAuts
     D:3: 435 daAuts
